 Dungeon Crawl Stone Soup version 0.29-a0-384-g6960b1960d (webtiles) character file.

Game seed: 9626723249600570699

2689 jlumianski the Chopper (level 9, -1/68 HPs)
             Began as a Demonspawn Fighter on May 6, 2022.
             Was an Initiate of Qazlal.
             Slain by a killer bee (3 damage)
             ... on level 6 of the Dungeon.
             The game lasted 00:23:59 (7886 turns).

jlumianski the Chopper (Demonspawn Fighter)         Turns: 7886, Time: 00:23:59

Health: -1/68      AC: 15    Str: 20    XL:     9   Next: 38%
Magic:  12/12      EV:  8    Int: 10    God:    Qazlal [......]
Gold:   296        SH:  0    Dex: 13    Spells: 8/8 levels left

rFire   + . .      SeeInvis .   j - +2 hand axe (freeze)
rCold   . . .      Faith    .   c - +0 buckler
rNeg    . . .      Spirit   .   t - +0 chain mail
rPois   .          Reflect  .   (helmet restricted)
rElec   .          Harm     .   D - +0 cloak
rCorr   .          Rampage  .   A - +0 pair of gloves
Will    .....                   l - +1 pair of boots
Stlth   ..........              (no amulet)
HPRegen 0.21/turn               G - ring of protection from fire
MPRegen 0.26/turn               (no ring)

@: confused, lethally poisoned (-1 -> -14), ambrosia-drunk
A: antennae 2, magic regeneration, talons 1
a: Renounce Religion


You were on level 6 of the Dungeon.
You worshipped Qazlal.
Qazlal was noncommittal.
You visited 2 branches of the dungeon, and saw 8 of its levels.

You collected 391 gold pieces.
You spent 95 gold pieces at shops.

Inventory:

Hand Weapons
 a - a +0 war axe
 d - a +1 whip of freezing
 j - a +2 hand axe of freezing (weapon)
 C - a +3 quarterstaff of chaos
 E - a +2 dagger of venom
 H - a +2 flail of protection
 L - a +0 vorpal spear
 M - a +4 rapier of protection
Missiles
 e - 213 stones
 h - 12 poisoned darts
 F - 6 boomerangs (quivered)
Armour
 b - a +0 scale mail
 c - a +0 buckler (worn)
 l - a +1 pair of boots (worn)
 q - a +0 helmet
 t - a +0 chain mail (worn)
 A - a +0 pair of gloves (worn)
 D - a +0 cloak (worn)
Magical Staves
 g - a staff of conjuration
Jewellery
 m - an amulet of faith
 p - a ring of fire
 G - a ring of protection from fire (left hand)
Wands
 I - a wand of iceblast (9)
Scrolls
 f - 3 scrolls of magic mapping
 i - 6 scrolls of fog
 k - 2 scrolls of noise
 n - 4 scrolls of enchant weapon
 s - 2 scrolls of amnesia
 x - 2 scrolls of teleportation
 y - a scroll of immolation
 K - a scroll of fear
Potions
 o - a potion of invisibility
 r - 4 potions of brilliance
 u - a potion of resistance
 v - a potion of mutation
 w - a potion of attraction
 z - a potion of ambrosia
 B - 3 potions of heal wounds
 J - a potion of cancellation
 N - a potion of flight


   Skills:
 + Level 5.3 Fighting
 + Level 6.9 Axes
 + Level 2.3 Throwing
 + Level 6.3 Armour
 + Level 2.1 Dodging
 + Level 0.1 Stealth
 + Level 4.4 Shields
 * Level 4.1 Invocations
 * Level 2.8 Evocations


You had 8 spell levels left.
You didn't know any spells.
Your spell library was empty.

Dungeon Overview and Level Annotations

Branches:
Dungeon (7/15)             Temple (1/1) D:4

Altars:
Cheibriados
Elyvilon
Hepliaklqana
Nemelex Xobeh
Okawaru
Qazlal
Ru
Sif Muna
The Shining One

Shops:
D:2 *   D:4 !

Annotations:
D:3 1 runed translucent door, HendSelp's ghost, amateur TeTm
D:7 Maggie


Innate Abilities, Weirdness & Mutations

You have a pair of antennae on your head.
You regenerate magic rapidly.
You have sharp toenails.


Message History

The killer bee is heavily wounded.
You hit the killer bee but do no damage.
You feel sick. The killer bee closely misses you.
You block the killer bee's attack. The killer bee barely misses you.
The killer bee stings you but does no damage.
You barely miss the killer bee.
The killer bee is heavily wounded.
You miss the killer bee.
You feel very sick.
The killer bee stings you but does no damage.
You block the killer bee's attack.
The killer bee stings you but does no damage. x2
You are confused.
You feel invigorated.
You feel sick. The killer bee stings you.
* * * LOW HITPOINT WARNING * * *
The killer bee stings you but does no damage. x2
The killer bee stings you!
* * * LOW HITPOINT WARNING * * *
You are lethally poisoned!
The killer bee poisons you!
* * * LOW HITPOINT WARNING * * *
You feel sick.
The killer bee stings you but does no damage.
The killer bee barely misses you. The killer bee stings you.
* * * LOW HITPOINT WARNING * * *
The killer bee stings you!
* * * LOW HITPOINT WARNING * * *
* * * LOW HITPOINT WARNING * * *
You feel sick. The killer bee barely misses you. x2
The killer bee stings you.
* * * LOW HITPOINT WARNING * * *
You are more poisoned.
The killer bee poisons you!
The killer bee stings you but does no damage.
* * * LOW HITPOINT WARNING * * *
You feel very sick.
The killer bee stings you but does no damage.
The killer bee barely misses you. The killer bee closely misses you.
The killer bee stings you.
You die...

.....+......# #.....#
.....#......# #.....#
.....#......# #.....#
#....#......########## #.....####
#....##..............# ####......
......#..............# #......
......#..............# #......
......#.........y....# #......
.##...#........y@....######......
†##...###'#######.....#...##'####
..#.......#.....#.<...#.......#..
..#.......+.....#..)..#.......#..
..#.......#.....'.....#.......#..
.################.....#......##..
.#....................#......##..
.#....................#......##..
##....................#..........


You could see 2 killer bees.

Vanquished Creatures
  A two-headed ogre (D:5)
  Pikel (D:5)
  Prince Ribbit (D:5)
  Eustachio (D:6)
  Edmund (D:4)
  Duvessa (D:7)
  2 sky beasts (D:6)
  3 ogres
  3 lemures
  2 scorpions (D:6)
  A bullfrog (D:7)
  Dowan (D:7)
  A howler monkey (D:7)
  Crazy Yiuf (D:4)
  3 jellies
  A gnoll shaman (D:5)
  4 iguanas
  4 adders
  3 gnolls
  A shadow imp (D:5)
  A white imp (D:6)
  A dart slug (D:3)
  5 orcs (D:5)
  4 endoplasms
  3 giant cockroaches
  6 goblins
  7 hobgoblins
  11 jackals
  6 kobolds
  A quokka (D:1)
  12 ball pythons
  3 bats
  5 frilled lizards
  5 rats
106 creatures vanquished.

Vanquished Creatures (others)
  3 fungi (D:4)
  A plant (D:1)
4 creatures vanquished.

Grand Total: 110 creatures vanquished

Notes
Turn   | Place    | Note
-------+----------+-------------------------------------------
     0 | D:1      | jlumianski the Demonspawn Fighter began the quest for the
                  | Orb.
     0 | D:1      | Reached XP level 1. HP: 18/18 MP: 1/1
   450 | D:1      | Gained mutation: You regenerate magic rapidly. [demonic
                  | ancestry]
   450 | D:1      | Reached XP level 2. HP: 21/24 MP: 2/2
  1215 | D:1      | Found a faded altar of an unknown god.
  1460 | D:2      | Reached XP level 3. HP: 25/29 MP: 3/3
  1742 | D:2      | Found Xajeuxusest's General Store.
  1749 | D:2      | Bought a scroll of identify for 20 gold pieces
  1749 | D:2      | Bought a scroll of identify for 20 gold pieces
  2011 | D:3      | Found an iron altar of Okawaru.
  2011 | D:3      | Found a sparkling altar of Nemelex Xobeh.
  2012 | D:3      | Found a runed translucent door.
  2023 | D:3      | Noticed HendSelp's ghost (amateur TeTm)
  2444 | D:3      | Found a shimmering blue altar of Sif Muna.
  2584 | D:4      | Reached skill level 1 in Dodging
  2624 | D:4      | Reached XP level 4. HP: 26/35 MP: 4/4
  2750 | D:4      | Found a staircase to the Ecumenical Temple.
  2762 | Temple   | Entered the Ecumenical Temple
  2779 | Temple   | Became a worshipper of Qazlal Stormbringer
  3014 | D:4      | Found a runed translucent door.
  3015 | D:4      | Noticed Crazy Yiuf
  3188 | D:4      | Found Syxaykk's Distillery.
  3491 | D:4      | Bought a potion of heal wounds for 55 gold pieces
  3588 | D:4      | Killed Crazy Yiuf
  3589 | D:4      | Gained mutation: You have a pair of small antennae on your
                  | head. [demonic ancestry]
  3589 | D:4      | Reached XP level 5. HP: 40/40 MP: 5/5
  3700 | D:5      | Entered Level 5 of the Dungeon
  3934 | D:5      | Noticed Edmund
  3934 | D:5      | Noticed a lemure
  3934 | D:5      | Noticed a lemure
  3980 | D:4      | Killed a lemure
  4156 | D:4      | Killed Edmund
  4157 | D:4      | Gained mutation: You have a pair of antennae on your head.
                  | [demonic ancestry]
  4157 | D:4      | Reached XP level 6. HP: 8/48 MP: 6/6
  4856 | D:5      | Reached XP level 7. HP: 54/54 MP: 7/7
  4870 | D:5      | Noticed a two-headed ogre
  4882 | D:5      | Killed a two-headed ogre
  4883 | D:5      | Reached skill level 5 in Axes
  4883 | D:5      | Reached skill level 1 in Throwing
  4883 | D:5      | Reached skill level 5 in Armour
  4883 | D:5      | Reached XP level 8. HP: 61/61 MP: 8/8
  5013 | D:5      | Noticed Prince Ribbit
  5035 | D:5      | Killed Prince Ribbit
  5036 | D:5      | Reached skill level 1 in Invocations
  5339 | D:5      | Noticed Pikel
  5361 | D:5      | Killed Pikel
  5362 | D:5      | Reached skill level 1 in Evocations
  5893 | D:6      | Gained mutation: You have sharp toenails. [potion of
                  | mutation]
  5918 | D:6      | Reached skill level 5 in Fighting
  6115 | D:6      | Reached XP level 9. HP: 61/68 MP: 11/11
  6678 | D:6      | Noticed Eustachio
  6705 | D:6      | Killed Eustachio
  7311 | D:6      | Found a hazy altar of Hepliaklqana.
  7445 | D:7      | Noticed Duvessa
  7445 | D:7      | Noticed Dowan
  7795 | D:7      | Killed Dowan
  7797 | D:7      | Killed Duvessa
  7854 | D:7      | Noticed Maggie
  7884 | D:6      | HP: 2/68 [killer bee (7)]
  7886 | D:6      | Slain by a killer bee

Illustrated notes

Levels and vault maps discovered:
D:1:      onia_arrival_mini_maze, layout_loops_ring,
          shapermc_ecumenical_altar_petra
D:2:      layout_basic, serial_shops, shop
D:3:      layout_rooms, chequers_temple_overflow_statue_of_worship,
          lemuel_crystal_altar, hellmonk_ghost_happy_afterlife,
          saegor_snake_ambush
D:4:      layout_loops_cross, minmay_temple_entry_overgrown, serial_shops,
          nicolae_inconvenience_store, uniq_crazy_yiuf_cottage
D:5:      layout_loops_ring, uniq_prince_ribbit1, uniq_pikel, uniq_edmund
D:6:      layout_gridville, nicolae_hepliaklqana_hippocampus, uniq_eustachio
D:7:      layout_rooms, uniq_maggie, uniq_duvessa
Temple:   regret_index_temple_sphere_string

Skill      XL: |  1  2  3  4  5  6  7  8  9 |
---------------+----------------------------+-----
Armour         | 3 4 5 6 |  6.3
Axes           | 2 3 4 5 6 |  6.9
Shields        | 3 4 |  4.4
Dodging        | 1 2 |  2.1
Fighting       | 4 5 |  5.3
Throwing       | 1 2 |  2.3
Invocations    | 3 4 |  4.1
Evocations     | 1 2 |  2.8
Stealth        | |  0.1

Action                   |  1- 3 |  4- 6 |  7- 9 || total
-------------------------+-------+-------+-------++-------
Melee: War axe           |    57 |       |       ||    57
       Hand axe          |    96 |   104 |   202 ||   402
Throw: Dart              |       |     2 |    12 ||    14
       Boomerang         |       |     5 |     9 ||    14
  Use: Scroll            |    12 |     1 |     4 ||    17
       Potion            |     1 |     2 |     6 ||     9
Armor: Scale mail        |    73 |       |       ||    73
       Chain mail        |    12 |    33 |   113 ||   158
Dodge: Dodged            |    76 |    21 |    79 ||   176
Block: Buckler           |    40 |    21 |    50 ||   111

Table legend: (Time is in decaauts)
 A = Elapsed time spent in this place.
 B = Non-inter-level travel time spent in this place.
 C = Inter-level travel time spent in this place.
 D = Time resting spent in this place.
 E = Time spent auto-exploring this place.
 F = Levels seen in this place.
 G = Mean time per level.
                   A        B        C        D        E       F      G
               +--------+--------+--------+--------+--------+-----+--------+
         Total |   8015 |   7853 |    162 |   1935 |   3933 |   8 | 1001.9 |
       Dungeon |   7876 |   7714 |    162 |   1835 |   3928 |   7 | 1125.1 |
        Temple |    138 |    138 |      0 |    100 |      5 |   1 |  138.0 |
               +--------+--------+--------+--------+--------+-----+--------+

Top non-repeatable levels by time:
     D:5: 1757 daAuts
     D:4: 1691 daAuts
     D:6: 1602 daAuts
     D:1: 1363 daAuts
     D:2: 686 daAuts
     D:3: 598 daAuts
     D:7: 175 daAuts
  Temple: 138 daAuts
